[Event "Early-Titled-Tuesday-Blitz-September-05-2023"]
[Site "Chess.com"]
[Date "2023.09.05"]
[Round "7"]
[White "Witik"]
[Black "Flaccidmoves"]
[Result "1-0"]
[WhiteElo "2671"]
[BlackElo "2477"]
[TimeControl "180+1"]
[EndTime "9:14:33 PDT"]
[Termination "Witik won by resignation"]

1. d4 d6 2. e4 Nf6 3. Nc3 g6 4. g3 Bg7 5. Bg2 O-O 6. Nge2 c6 7. h3 e5 8. Be3 b5 9. a3 a6 10. O-O Nbd7 11. g4 Nb6 12. dxe5 dxe5 13. Qxd8 Rxd8 14. Bxb6 Re8 15. Rfd1 Nd7 16. Be3 Bf8 17. Nc1 Nc5 18.
Nb3 Ne6 19. Na5 c5 20. Nd5 Kg7 21. c3 Rb8 22. b4 cxb4 23. axb4 Bd7 24. Nb6 Bc8 25. Nc6 Rb7 26. Rxa6 Rc7 27. Nxc8 Rexc8 28. Nxe5 Rxc3 29. Rd7 R8c7 30. Ra7 Bxb4 31. Rxf7+ Kg8 32. Rfxc7 Nxc7 33. Bf1 1-0

[Event "Early-Titled-Tuesday-Blitz-September-05-2023"]
[Site "Chess.com"]
[Date "2023.09.05"]
[Round "7"]
[White "DefiantChair"]
[Black "XDPS"]
[Result "0-1"]
[WhiteElo "2643"]
[BlackElo "2866"]
[TimeControl "180+1"]
[EndTime "9:14:34 PDT"]
[Termination "XDPS won by resignation"]

1. e4 c5 2. Nf3 d6 3. d4 cxd4 4. Nxd4 Nf6 5. Nc3 a6 6. Bg5 Nbd7 7. Bc4 Qa5 8. Qd2 e6 9. O-O-O b5 10. Bb3 Bb7 11.
f3 Nc5 12. Kb1 Qc7 13. g4 O-O-O 14. Be3 Kb8 15. a3 Be7 16. Qf2 Rc8 17. h4 Nfd7 18. h5 Ka8 19. g5 g6 20. Nde2 Ne5 21. Bd4 Rhf8 22. f4 Nc6 23. e5 Nxd4 24. Nxd4 Bxh1 25. Rxh1 dxe5 26. fxe5 Qxe5 27. hxg6 hxg6 28. Nf3 Qf4 29. Ba2 Rfd8 30. Qg2 Kb8 31. Ne2 Qe3 32. Re1 Ne4 33.
Bb3 Qxf3 0-1

[Event "Early-Titled-Tuesday-Blitz-September-05-2023"]
[Site "Chess.com"]
[Date "2023.09.05"]
[Round "7"]
[White "joksijoksi"]
[Black "fmAguilar1"]
[Result "0-1"]
[WhiteElo "2502"]
[BlackElo "2357"]
[TimeControl "180+1"]
[EndTime "9:14:35 PDT"]
[Termination "fmAguilar1 won by resignation"]

1. d4 Nf6 2. c4 d6 3. Nf3 Nbd7 4. Nc3 e5 5. e3 g6 6. Be2 Bg7 7. O-O O-O 8. b4 Re8 9. Bb2 e4 10. Nd2 Nf8 11. d5 h5 12. Qb3 Bf5 13. a4 Ng4 14. h3 Qh4 15. hxg4 hxg4 16. g3 Qh5 17.
Nb5 Nh7 18. Bxg7 Kxg7 19. Qc3+ f6 20. Rfc1 Ng5 21. Bf1 Nf3+ 22. Nxf3 gxf3 23. Bg2 Rh8 24. Nxc7 Qh2+ 25. Kf1 Qh1+ 0-1

[Event "Early-Titled-Tuesday-Blitz-September-05-2023"]
[Site "Chess.com"]
[Date "2023.09.05"]
[Round "7"]
[White "MatthewG-p4p"]
[Black "Evgeny81"]
[Result "1-0"]
[WhiteElo "2880"]
[BlackElo "2746"]
[TimeControl "180+1"]
[EndTime "9:14:46 PDT"]
[Termination "MatthewG-p4p won by resignation"]

1. e4 c5 2. c3 b6 3. d4 Bb7 4. Bd3 e6 5. Nf3 Nf6 6. Qe2 Be7 7. O-O cxd4 8. cxd4 d5 9. e5 Nfd7 10. Nc3 Qc8 11.
Be3 Ba6 12. Nb5 Bxb5 13. Bxb5 O-O 14. Rac1 Qb7 15. Bd3 Rc8 16. Bg5 Bf8 17. Rxc8 Qxc8 18. Rc1 Qb7 19. Bd8 b5 20. Bxh7+ Kxh7 21. Ng5+ Kg6 22.
Qd3+ f5 23. exf6+ 1-0

[Event "Early-Titled-Tuesday-Blitz-September-05-2023"]
[Site "Chess.com"]
[Date "2023.09.05"]
[Round "7"]
[White "zverr1"]
[Black "lacafi"]
[Result "1-0"]
[WhiteElo "2484"]
[BlackElo "2222"]
[TimeControl "180+1"]
[EndTime "9:14:51 PDT"]
[Termination "zverr1 won on time"]

1. d4 f5 2. Bg5 g6 3. h4 Bg7 4. h5 d5 5. h6 Bf6 6. Qd2 Bxg5 7. Qxg5 Nf6 8. f3 Qd6 9. Nc3 c6 10. O-O-O O-O 11. Rh4 b5 12. e4 fxe4 13. fxe4 dxe4 14. Nxe4 Qe6 15. Bd3 Qxa2 16. Nf3 Bf5 17. Ne5 Qa1+ 18. Kd2 Qxb2 19. Nc5 Qb4+ 20. Ke2 Bxd3+ 21. Rxd3 Kh8 22.
Ne6 a5 23. Nxf8 1-0

[Event "Early-Titled-Tuesday-Blitz-September-05-2023"]
[Site "Chess.com"]
[Date "2023.09.05"]
[Round "7"]
[White "Polish_fighter3000"]
[Black "frederiksvane"]
[Result "1-0"]
[WhiteElo "3097"]
[BlackElo "2924"]
[TimeControl "180+1"]
[EndTime "9:14:52 PDT"]
[Termination "Polish_fighter3000 won by resignation"]

1. b4 e5 2. Bb2 Bxb4 3. Bxe5 Nf6 4. e3 O-O 5. Nf3 d5 6. a3 Be7 7. c4 c5 8. Nc3 d4 9. exd4 Nc6 10. d5 Nxe5 11. Nxe5 Re8 12. Be2 Bd6 13. f4 Bxe5 14. fxe5 Rxe5 15. O-O Ne4 16. Nxe4 Rxe4 17. Bd3 Re7 18.
Qh5 g6 19. Qf3 Qd6 20. Rae1 Bd7 21. Rxe7 Qxe7 22. d6 Qxd6 23. Qxf7+ Kh8 24. Bxg6 hxg6 25. Rf4 g5 26. Qh5+ 1-0

[Event "Early-Titled-Tuesday-Blitz-September-05-2023"]
[Site "Chess.com"]
[Date "2023.09.05"]
[Round "7"]
[White "falzehope0"]
[Black "Darius321"]
[Result "1-0"]
[WhiteElo "2461"]
[BlackElo "2310"]
[TimeControl "180+1"]
[EndTime "9:14:54 PDT"]
[Termination "falzehope0 won by resignation"]

1. d4 d5 2. e3 Bf5 3. c4 e6 4. cxd5 exd5 5. Qb3 Nc6 6. Qxb7 Nb4 7. Bb5+ Ke7 8. Na3 Rb8 9. Qxa7 Rxb5 10. Nxb5 Nc2+ 11. Ke2 Nxa1 12. Nxc7 Kf6 13. Nf3 Ne7 14. Qb6+ Be6 15.
g4 g5 16. e4 h6 17. e5+ Kg7 18. Nxe6+ fxe6 19. Qxd8 Ng6 20. Qd7+ Be7 21. Qxe6 Rf8 22. h4 Nc2 23. h5 Rxf3 24. Qxg6+ Kf8 25. Qxh6+ Ke8 26. Qc6+ Kf7 27. Qxc2 1-0

[Event "Early-Titled-Tuesday-Blitz-September-05-2023"]
[Site "Chess.com"]
[Date "2023.09.05"]
[Round "7"]
[White "Cambek64"]
[Black "francyIM"]
[Result "1-0"]
[WhiteElo "2513"]
[BlackElo "2806"]
[TimeControl "180+1"]
[EndTime "9:14:55 PDT"]
[Termination "Cambek64 won by resignation"]

1. e4 e5 2. Nf3 Nc6 3. Bc4 Bc5 4. O-O Nf6 5. d3 d6 6. h3 a6 7.
a3 h6 8. Re1 g5 9. Nh2 Qe7 10.
Nc3 Be6 11. Nd5 Bxd5 12. exd5 Nb8 13. c3 Nbd7 14. d4 Bb6 15. a4 a5 16. dxe5 dxe5 17. Nf3 O-O 18. Be3 Bxe3 19. Rxe3 Ne8 20. h4 Nd6 21. Bb3 Qf6 22. hxg5 hxg5 23. Nxg5 Nf5 24. Ne4 Qg6 25. Rh3 Kg7 26. Bc2 1-0

[Event "Early-Titled-Tuesday-Blitz-September-05-2023"]
[Site "Chess.com"]
[Date "2023.09.05"]
[Round "7"]
[White "banane_verte"]
[Black "artin10862"]
[Result "0-1"]
[WhiteElo "2604"]
[BlackElo "2966"]
[TimeControl "180+1"]
[EndTime "9:14:56 PDT"]
[Termination "artin10862 won by resignation"]

1. d4 Nf6 2. c4 g6 3. g3 c6 4. Bg2 d5 5. Nf3 Bg7 6. O-O O-O 7. Nbd2 Ne4 8. Qc2 Bf5 9. Qb3 Qb6 10. cxd5 Qxb3 11.
Nxb3 cxd5 12. Bf4 Nc6 13. Rac1 Rfc8 14. Ne5 Nb4 15. a3 Nc2 16. Na5 Nxd4 17. Bf3 b6 18.
Nac6 Nxc6 19. Nxc6 Kf8 20. b4 Nc3 21. Ne5 g5 22.
Rxc3 Rxc3 23. Bxd5 gxf4 24. Bxa8 Bxe5 0-1

[Event "Early-Titled-Tuesday-Blitz-September-05-2023"]
[Site "Chess.com"]
[Date "2023.09.05"]
[Round "7"]
[White "ashwanitiwari"]
[Black "RIPOL"]
[Result "0-1"]
[WhiteElo "2224"]
[BlackElo "2413"]
[TimeControl "180+1"]
[EndTime "9:14:57 PDT"]
[Termination "RIPOL won by resignation"]

1. b3 e5 2. Bb2 Nc6 3. e3 Nf6 4. Bb5 d6 5. d4 exd4 6. exd4 d5 7. Nf3 Be7 8. O-O O-O 9. Bxc6 bxc6 10. Ne5 Bb7 11.
Nd2 c5 12. Ndf3 Ne4 13. c4 dxc4 14. Nxc4 Bf6 15. dxc5 Bxb2 16. Nxb2 Qf6 17. Nc4 Nc3 18. Qd3 Rad8 19. Qe3 Rfe8 20. Qg5 Ne2+ 21. Kh1 Qxf3 22. Rae1 Qd5 23. Qxd5 Bxd5 24. Ne3 Nc3 25. Nxd5 Nxd5 26.
g3 f6 27. Kg2 c6 28. h4 Kf7 29. Rxe8 Rxe8 30. Rc1 Re2 31. a4 Rb2 0-1

[Event "Early-Titled-Tuesday-Blitz-September-05-2023"]
[Site "Chess.com"]
[Date "2023.09.05"]
[Round "7"]
[White "chess94cu"]
[Black "Aswathchess"]
[Result "0-1"]
[WhiteElo "2710"]
[BlackElo "2604"]
[TimeControl "180+1"]
[EndTime "9:15:01 PDT"]
[Termination "Aswathchess won by checkmate"]

1. e4 g6 2. d4 Bg7 3. Nc3 d6 4. Be3 a6 5. a4 b6 6. Bd3 Bb7 7. f4 Nd7 8. Nf3 Ngf6 9. h3 O-O 10. O-O e6 11. e5 Nd5 12. Nxd5 Bxd5 13. c4 Bb7 14.
Qe2 Qe7 15. Qf2 c5 16. Rae1 cxd4 17. Bxd4 dxe5 18. Nxe5 Nxe5 19. Bxe5 Bxe5 20. fxe5 Rad8 21. Bc2 Qb4 22. b3 Rd2 23. Re2 Rxe2 24. Qxe2 Qc5+ 25. Kh1 Rd8 26. Be4 Qxe5 27. Qf3 Bxe4 28. Qxf7+ Kh8 29. Qe7 Bxg2+ 30. Kxg2 Rd2+ 31. Rf2 Qe4+ 32. Kg3 Qe3+ 33. Rf3 Qe5+ 34. Rf4 Qe1+ 35. Kf3 Rf2+ 36. Kg4 Qg1+ 37. Kh4 Rxf4# 0-1

[Event "Early-Titled-Tuesday-Blitz-September-05-2023"]
[Site "Chess.com"]
[Date "2023.09.05"]
[Round "7"]
[White "Bauman_Guy"]
[Black "Hope_6"]
[Result "1-0"]
[WhiteElo "2871"]
[BlackElo "2713"]
[TimeControl "180+1"]
[EndTime "9:15:02 PDT"]
[Termination "Bauman_Guy won by resignation"]

1. e4 c5 2. Nf3 e6 3. d4 cxd4 4. Nxd4 Nf6 5. Nc3 Nc6 6. Ndb5 Bc5 7. Nd6+ Ke7 8. Bf4 e5 9. Nf5+ Kf8 10. Bg5 d6 11. Bc4 Be6 12. Bb3 h6 13. Bxf6 Qxf6 14. Nd5 Qd8 15. O-O g6 16. Nfe3 Kg7 17. c3 Rf8 18.
Bc2 a6 19. a4 Rc8 20. b4 Ba7 21. a5 Ne7 22. Bb3 Bxe3 23. Nxe3 Rxc3 24. Bxe6 fxe6 25. Qg4 Qc8 26. Rad1 Rf4 27. Qh3 Qd7 28. Nf5+ gxf5 29. Qxc3 Rxe4 30. f3 Re2 31. Qd3 Rb2 32. Qxd6 Qxd6 33.
Rxd6 Kf6 34. Rb6 Nd5 35. Rxb7 Ne3 36. Ra1 Nxg2 37. b5 Nh4 38. bxa6 Nxf3+ 39. Kf1 Rd2 40. Ra3 e4 41. a7 f4 42. Rxf3 exf3 43. a8=Q 1-0

[Event "Early-Titled-Tuesday-Blitz-September-05-2023"]
[Site "Chess.com"]
[Date "2023.09.05"]
[Round "7"]
[White "isaak2009"]
[Black "Eloist"]
[Result "1/2-1/2"]
[WhiteElo "2539"]
[BlackElo "2442"]
[TimeControl "180+1"]
[EndTime "9:15:03 PDT"]
[Termination "Game drawn by agreement"]

1. Nf3 Nf6 2. g3 b6 3. Bg2 Bb7 4. O-O e6 5. d3 d5 6. Nbd2 Nbd7 7. e4 dxe4 8. dxe4 Nxe4 9. Ng5 Qxg5 10. Nxe4 Qd8 11.
Nf6+ Nxf6 12. Bxb7 Qxd1 13. Rxd1 Rd8 14. Bc6+ Nd7 15.
Bf4 Bd6 16. Bxd6 cxd6 17. Rxd6 Ke7 18. Rxd7+ Rxd7 19. Bxd7 Kxd7 20. Rd1+ Ke7 21. f4 Rd8 22. Rxd8 Kxd8 23. Kf2 Kd7 24. Ke3 Kd6 25. Kd4 f6 26. g4 Kc6 27. h4 b5 28. a3 a5 29. b3 Kd6 30. c4 Kc6 31. g5 Kb6 32. h5 h6 33.
gxh6 gxh6 1/2-1/2

[Event "Early-Titled-Tuesday-Blitz-September-05-2023"]
[Site "Chess.com"]
[Date "2023.09.05"]
[Round "7"]
[White "Aanna12"]
[Black "Lady_Nika"]
[Result "0-1"]
[WhiteElo "2042"]
[BlackElo "2464"]
[TimeControl "180+1"]
[EndTime "9:15:07 PDT"]
[Termination "Lady_Nika won by checkmate"]

1. e4 e6 2. d3 d5 3. Nd2 Nf6 4. Ngf3 Be7 5. g3 O-O 6. Bg2 c5 7. O-O Nc6 8. Re1 d4 9. e5 Nd5 10. h4 b5 11. Ne4 h6 12. h5 Bb7 13. g4 Qb6 14. g5 hxg5 15. Nexg5 c4 16. h6 g6 17. Ne4 cxd3 18. cxd3 Rac8 19. Bg5 Bxg5 20.
Nexg5 Ncb4 21. Nd2 Nf4 22. Bxb7 Qxb7 23. Qg4 Nbxd3 24. Nde4 Rc2 25. Rad1 Nxe1 26. Qxf4 f5 27. exf6 Re2 28. f7+ Rxf7 29. h7+ Rxh7 30. Nf6+ Kh8 31.
Nfxh7 Qg2# 0-1

[Event "Early-Titled-Tuesday-Blitz-September-05-2023"]
[Site "Chess.com"]
[Date "2023.09.05"]
[Round "7"]
[White "valemava"]
[Black "Shockerlover"]
[Result "1-0"]
[WhiteElo "2287"]
[BlackElo "1977"]
[TimeControl "180+1"]
[EndTime "9:15:07 PDT"]
[Termination "valemava won by checkmate"]

1. e4 c5 2. a3 Nc6 3. b4 cxb4 4. axb4 Nxb4 5. c3 Nc6 6. d4 d5 7. exd5 Qxd5 8. Na3 e5 9. Nb5 Bd6 10. Ba3 Qe4+ 11. Ne2 Bxa3 12. Rxa3 Kf8 13. d5 Nd8 14. Ra4 Qf5 15. Ng3 Qd7 16. d6 a6 17. Nc7 Rb8 18.
Be2 Nf6 19. O-O Nc6 20. h3 g6 21. Rh4 Kg7 22. Qd2 h5 23. Qg5 Nh7 24. Nxh5+ Kf8 25. Qh6+ Kg8 26. Qg7# 1-0

[Event "Early-Titled-Tuesday-Blitz-September-05-2023"]
[Site "Chess.com"]
[Date "2023.09.05"]
[Round "7"]
[White "Virgo15"]
[Black "WilsonPalencia21"]
[Result "0-1"]
[WhiteElo "2695"]
[BlackElo "2556"]
[TimeControl "180+1"]
[EndTime "9:15:08 PDT"]
[Termination "WilsonPalencia21 won by resignation"]

1. d4 Nf6 2. Bf4 d5 3. e3 c5 4. dxc5 Nc6 5. Bb5 e6 6. b4 Ne4 7. c3 g5 8. Bg3 Bg7 9. Ne2 a5 10. Bxc6+ bxc6 11. Nd2 Nxc3 12. Nxc3 Bxc3 13. O-O axb4 14.
Nf3 O-O 15. Be5 f6 16. Bxc3 bxc3 17. Qd4 c2 18. Rfc1 e5 19. Qc3 Bf5 20. Ne1 Qa5 21. Qxa5 Rxa5 22. Nxc2 Rb8 23. Ne1 Rbb5 24. h3 Rxc5 25.
Rxc5 Rxc5 26. a4 Ra5 27. g4 Bd7 28. Rb1 Kf7 29. Rb7 Ke7 30. Nd3 c5 31. Rc7 Kd6 32. Rb7 e4 33. Nb2 Bxa4 34. Rxh7 Bb3 35. Rf7 Ra2 36. Rxf6+ Ke7 37. Rf5 Rxb2 38. Rxg5 0-1

[Event "Early-Titled-Tuesday-Blitz-September-05-2023"]
[Site "Chess.com"]
[Date "2023.09.05"]
[Round "7"]
[White "Zurability"]
[Black "isla88"]
[Result "1-0"]
[WhiteElo "2710"]
[BlackElo "2484"]
[TimeControl "180+1"]
[EndTime "9:15:09 PDT"]
[Termination "Zurability won by resignation"]

1. Nf3 d5 2. g3 c5 3. Bg2 Nc6 4. d4 cxd4 5. Nxd4 Nf6 6. O-O Nxd4 7. Qxd4 e6 8. c4 dxc4 9. Qxd8+ Kxd8 10. Rd1+ Ke8 11.
Nd2 Bc5 12. Nxc4 Ke7 13. Na5 Rb8 14. Bf4 e5 15. Bxe5 Bxf2+ 16. Kf1 Bb6 17. Bxb8 Bxa5 18.
Bd6+ Ke8 19. Rac1 Bd7 20. Bxb7 Ng4 21. Rd3 Bb5 22. Rc8+ Bd8 23. Bc7 1-0

[Event "Early-Titled-Tuesday-Blitz-September-05-2023"]
[Site "Chess.com"]
[Date "2023.09.05"]
[Round "7"]
[White "topin8"]
[Black "Daniel_Salinas"]
[Result "0-1"]
[WhiteElo "2444"]
[BlackElo "2328"]
[TimeControl "180+1"]
[EndTime "9:15:09 PDT"]
[Termination "Daniel_Salinas won by resignation"]

1. e4 c6 2. d4 d5 3. e5 c5 4. dxc5 e6 5. a3 Bxc5 6. b4 Be7 7. Bb2 a5 8. b5 f6 9. Nf3 Nd7 10.
Bd3 Nh6 11. O-O Nf7 12. Re1 fxe5 13. Nxe5 Ndxe5 14. Bxe5 Nxe5 15. Rxe5 Bf6 16. Qh5+ g6 17. Qe2 Qd6 18. f4 Bxe5 19. fxe5 Qc5+ 20. Kh1 O-O 21. Nd2 Qf2 22. Qd1 Bd7 23. Nf3 Rac8 24. Qc1 Rxf3 25.
gxf3 Qxf3+ 26. Kg1 Qg4+ 27. Kh1 Rf8 28. Qd2 Qd4 29.
Re1 Bxb5 0-1

[Event "Early-Titled-Tuesday-Blitz-September-05-2023"]
[Site "Chess.com"]
[Date "2023.09.05"]
[Round "7"]
[White "H_E_D_G_E_H_O_G"]
[Black "AlphaPerseii"]
[Result "1-0"]
[WhiteElo "2087"]
[BlackElo "2366"]
[TimeControl "180+1"]
[EndTime "9:15:09 PDT"]
[Termination "H_E_D_G_E_H_O_G won on time"]

1. d4 Nf6 2. Nf3 d5 3. Bf4 c5 4.
Be3 Nc6 5. c3 Bf5 6. a3 c4 7.
Nbd2 h6 8. g3 e6 9. Bg2 Be7 10.
Bf4 O-O 11. O-O Na5 12. Ne5 g5 13. Be3 Nd7 14. Nxd7 Qxd7 15. f3 Bg6 16. Bf2 f5 17. e4 f4 18. Qe2 Rae8 19. g4 Qb5 20.
Rab1 Kg7 21. b4 Nc6 22. Rfc1 Rf7 23. Ra1 Qa4 24. Bf1 a5 25. Qe1 b5 26. Be2 axb4 27.
axb4 Qxa1 28. Rxa1 Bd8 29. Bd1 Bb6 30. Bc2 Rfe7 31.
Ra6 Rb7 32. Qb1 1-0

[Event "Early-Titled-Tuesday-Blitz-September-05-2023"]
[Site "Chess.com"]
[Date "2023.09.05"]
[Round "7"]
[White "jsdbv18"]
[Black "VitaliyBernadskiy"]
[Result "0-1"]
[WhiteElo "2620"]
[BlackElo "2826"]
[TimeControl "180+1"]
[EndTime "9:15:10 PDT"]
[Termination "VitaliyBernadskiy won by resignation"]

1. d4 d5 2. c4 c6 3. Nf3 Nf6 4. Nc3 e6 5. e3 Nbd7 6. Bd3 dxc4 7. Bxc4 b5 8. Bd3 Bb7 9. O-O Bd6 10. a4 b4 11. Ne4 Be7 12. Nxf6+ Nxf6 13. b3 O-O 14.
Bb2 c5 15. Rc1 cxd4 16. Bxd4 Ne4 17. Ne5 Bf6 18. Nc6 Bxc6 19. Rxc6 Nc3 20. Qc2 Bxd4 21. Bxh7+ Kh8 22. exd4 Qxd4 23. Rc4 Qf6 24. Bd3 a5 25. Qd2 Rac8 26. Rf4 Qh6 27. g3 Kg8 28. Qe3 Nd5 29.
Qe4 Nxf4 30. gxf4 Rfd8 31. Kh1 Rc3 32. Bc4 Rh3 33. Qg2 Rh5 34. Qg3 Rf5 35. Rg1 g6 36. Qe3 Qxf4 0-1

[Event "Early-Titled-Tuesday-Blitz-September-05-2023"]
[Site "Chess.com"]
[Date "2023.09.05"]
[Round "7"]
[White "LeoLV10"]
[Black "TregubovP"]
[Result "0-1"]
[WhiteElo "2494"]
[BlackElo "2641"]
[TimeControl "180+1"]
[EndTime "9:15:11 PDT"]
[Termination "TregubovP won by resignation"]

1. e4 c5 2. Nf3 e6 3. d4 cxd4 4. Nxd4 Nc6 5. Nc3 Nf6 6. Ndb5 Bb4 7. a3 Bxc3+ 8. Nxc3 d5 9. exd5 exd5 10. Bd3 O-O 11. O-O d4 12. Ne2 Bg4 13. f3 Bh5 14. Bg5 Bg6 15. Nf4 Qd6 16. Nxg6 hxg6 17. Qd2 Nd5 18.
Rfe1 Rfe8 19. Rad1 Qc5 20. Kh1 Ne3 21. Rc1 Qxg5 22. c3 Rad8 23. cxd4 Rxd4 24. Rc3 Qf4 25. Qc1 Re5 26. Be4 Rh5 27. h3 Nxg2 28. Kxg2 Rd2+ 29. Kf1 Rxh3 30. Re2 Rh1+ 31. Kf2 Qh2+ 32. Ke3 Qxe2+ 33. Kf4 0-1

[Event "Early-Titled-Tuesday-Blitz-September-05-2023"]
[Site "Chess.com"]
[Date "2023.09.05"]
[Round "7"]
[White "Jmf24"]
[Black "Bilan_Danila"]
[Result "0-1"]
[WhiteElo "2387"]
[BlackElo "2552"]
[TimeControl "180+1"]
[EndTime "9:15:11 PDT"]
[Termination "Bilan_Danila won by resignation"]

1. Nf3 d5 2. c4 c6 3. g3 Nf6 4. Bg2 Bf5 5. O-O e6 6. Qb3 Qb6 7. d3 Nbd7 8. Be3 Bc5 9. Bxc5 Nxc5 10. Qc2 O-O 11. Nbd2 a5 12. b3 h6 13. Rfc1 Rac8 14. Rab1 Ng4 15. e4 Nxf2 16. exf5 Nfxd3 17. h4 Nxc1 18. Rxc1 exf5 19. Kh2 Ne4 20. c5 Qc7 21. Nxe4 fxe4 22. Nd4 Rce8 23. Rf1 Qe5 24. Qf2 f5 25. Qf4 Qxd4 26. Rc1 Qe5 27. Rf1 Qxf4 28. gxf4 e3 29. Kg3 d4 30. Rd1 Rd8 31. Bf1 Rfe8 32. Bd3 e2 33. Re1 Re3+ 0-1

[Event "Early-Titled-Tuesday-Blitz-September-05-2023"]
[Site "Chess.com"]
[Date "2023.09.05"]
[Round "7"]
[White "MasterKroket"]
[Black "HeinichessPY"]
[Result "1-0"]
[WhiteElo "2407"]
[BlackElo "2216"]
[TimeControl "180+1"]
[EndTime "9:15:11 PDT"]
[Termination "MasterKroket won by resignation"]

1. e4 c5 2. Nf3 Nc6 3. d4 cxd4 4. Nxd4 g6 5. Nc3 Bg7 6. Be3 Nf6 7. Bc4 O-O 8. O-O d6 9. h3 Bd7 10. Qd2 Rc8 11.
Bb3 Ne5 12. f4 Nc4 13. Bxc4 Rxc4 14. Qd3 Rc8 15. Nd5 Nxd5 16. exd5 Bxd4 17. Bxd4 Bf5 18.
Qe3 Rxc2 19. Bc3 Qb6 20. Qxb6 axb6 21. Rfe1 Re8 22. Rad1 Kf8 23. Rd4 h5 24. Rb4 Bd3 25.
Rxb6 Bc4 26. Rd1 e6 27. dxe6 fxe6 28. Rbxd6 Bd5 29. Rd2 Rxd2 30. Bxd2 Ke7 31. Bb4 Kf6 32. g4 hxg4 33. hxg4 Rc8 34. Rd7 Rc2 35. Bc3+ e5 36. Bxe5+ Ke6 37. Rd6+ Ke7 38. Rxd5 1-0

[Event "Early-Titled-Tuesday-Blitz-September-05-2023"]
[Site "Chess.com"]
[Date "2023.09.05"]
[Round "7"]
[White "KVAIDAN"]
[Black "GamayevOleg"]
[Result "0-1"]
[WhiteElo "2241"]
[BlackElo "2604"]
[TimeControl "180+1"]
[EndTime "9:15:13 PDT"]
[Termination "GamayevOleg won by resignation"]

1. f4 g6 2. Nf3 Bg7 3. d3 d5 4. e3 Nf6 5. Be2 O-O 6. O-O b6 7. a4 a5 8. Ne5 Bb7 9. Qe1 Nbd7 10. Qh4 e6 11. Qh3 Nxe5 12. fxe5 Nd7 13. d4 Ba6 14. Nc3 Bxe2 15. Nxe2 Qe7 16. Nf4 Rfe8 17. b3 f6 18. Ba3 c5 19. exf6 Bxf6 20. c4 Bg5 21. Rae1 dxc4 22. bxc4 Nf8 23. Qg4 Bxf4 24. exf4 Rad8 25.
f5 exf5 26. Rxe7 fxg4 27. Rxe8 Rxe8 28. dxc5 bxc5 29. Bxc5 Ne6 30. Bb6 Rc8 31. c5 Nd4 32.
Rd1 Nb3 33. Rd3 Nc1 34. Rd6 Ne2+ 35. Kf2 Nc3 36. c6 Ne4+ 37. Ke3 Nxd6 38. c7 Nc4+ 0-1

[Event "Early-Titled-Tuesday-Blitz-September-05-2023"]
[Site "Chess.com"]
[Date "2023.09.05"]
[Round "7"]
[White "OparinGrigoriy"]
[Black "FormerProdigy"]
[Result "1-0"]
[WhiteElo "3004"]
[BlackElo "2901"]
[TimeControl "180+1"]
[EndTime "9:15:21 PDT"]
[Termination "OparinGrigoriy won by resignation"]

1. Nf3 d5 2. e3 Nf6 3. c4 e6 4.
Nc3 c5 5. cxd5 exd5 6. d4 Nc6 7. Bb5 cxd4 8. Nxd4 Bd7 9. O-O Bd6 10. Nf3 a6 11. Be2 Be6 12. b3 O-O 13. Bb2 Qe7 14. Rc1 Rad8 15. h3 Bb8 16. Re1 Ba7 17. Bd3 d4 18. exd4 Nxd4 19. Ne4 Nxe4 20. Rxe4 Nxf3+ 21. Qxf3 Qg5 22. Re2 Bd5 23. Be4 Bxe4 24. Qxe4 Rd2 25. Rce1 Qd8 26. Qg4 f6 27. Re7 Bxf2+ 28. Kh1 Qxe7 29.
Rxe7 Rd1+ 30. Qxd1 Bg1 31. Qd5+ 1-0

[Event "Early-Titled-Tuesday-Blitz-September-05-2023"]
[Site "Chess.com"]
[Date "2023.09.05"]
[Round "7"]
[White "borocotoajua"]
[Black "Legendinunknown"]
[Result "0-1"]
[WhiteElo "2594"]
[BlackElo "2822"]
[TimeControl "180+1"]
[EndTime "9:15:23 PDT"]
[Termination "Legendinunknown won by resignation"]

1. d4 Nf6 2. Nf3 g6 3. c4 Bg7 4. g3 O-O 5. Bg2 d6 6. O-O Nbd7 7. Qc2 e5 8. Rd1 Qe7 9. Nc3 c6 10. e4 exd4 11. Nxd4 Nc5 12. b3 a5 13. Bb2 Ng4 14.
Nde2 f5 15. h3 Nf6 16. exf5 Bxf5 17. Qd2 Nfe4 18. Nxe4 Bxb2 19. Qxb2 Bxe4 20. Bxe4 Nxe4 21. Rf1 Ng5 22. f4 Qe3+ 23. Kh2 Nf3+ 24. Kg2 Nd2 25. Rf2 Rae8 26. Rd1 Qe4+ 27. Kg1 Nf3+ 28. Kf1 Ng5 29. fxg5 Qh1+ 30. Ng1 Rxf2+ 31. Kxf2 Qh2+ 32. Kf3 Qxb2 0-1

[Event "Early-Titled-Tuesday-Blitz-September-05-2023"]
[Site "Chess.com"]
[Date "2023.09.05"]
[Round "7"]
[White "benny_aizenberg"]
[Black "MartinMatthiesen"]
[Result "1-0"]
[WhiteElo "2658"]
[BlackElo "2463"]
[TimeControl "180+1"]
[EndTime "9:15:24 PDT"]
[Termination "benny_aizenberg won by checkmate"]

1. e4 c6 2. c4 d5 3. cxd5 cxd5 4. exd5 Nf6 5. Nc3 Nxd5 6. Bc4 Nb4 7. Nf3 e6 8. O-O Be7 9. g4 N8c6 10. d3 O-O 11.
Re1 a6 12. a3 Nd5 13. Bxd5 exd5 14. Ne5 Nxe5 15. Rxe5 Be6 16. h3 Bd6 17. Re1 h5 18. Kg2 hxg4 19. hxg4 Qh4 20. Rh1 Qxg4+ 21. Qxg4 Bxg4 22.
Nxd5 Rac8 23. Bf4 Bxf4 24. Ne7# 1-0

[Event "Early-Titled-Tuesday-Blitz-September-05-2023"]
[Site "Chess.com"]
[Date "2023.09.05"]
[Round "7"]
[White "effefe"]
[Black "Chessbard1972"]
[Result "0-1"]
[WhiteElo "2348"]
[BlackElo "2529"]
[TimeControl "180+1"]
[EndTime "9:15:25 PDT"]
[Termination "Chessbard1972 won on time"]

1. d4 Nf6 2. c4 g6 3. Nc3 Bg7 4. e4 d6 5. Be2 O-O 6. Be3 Na6 7.
g4 c5 8. d5 e6 9. dxe6 Bxe6 10. f3 Nb4 11. Qd2 Re8 12. O-O-O Bxg4 13. fxg4 Nxe4 14.
Nxe4 Rxe4 15. Bf3 Rxc4+ 16. Kb1 Rc2 17. Qxc2 Nxc2 18. Kxc2 Qf6 19. Bc1 Re8 20. Bd5 Qf2+ 21. Rd2 Qf4 22. Ne2 Qxg4 23. Nc3 b5 24. Rf2 Re7 25. Bf4 Bxc3 26. bxc3 Qf5+ 27. Kb2 Qxd5 28. Rhf1 b4 29. Bd2 Rb7 30. Ka1 Qc4 31. Rc1 Qd3 32.
Rg2 a5 33. cxb4 axb4 0-1

[Event "Early-Titled-Tuesday-Blitz-September-05-2023"]
[Site "Chess.com"]
[Date "2023.09.05"]
[Round "7"]
[White "Grossboss19"]
[Black "pouya21"]
[Result "0-1"]
[WhiteElo "2496"]
[BlackElo "2809"]
[TimeControl "180+1"]
[EndTime "9:15:27 PDT"]
[Termination "pouya21 won by resignation"]

1. c4 e6 2. Nc3 d5 3. d4 c5 4. cxd5 exd5 5. Nf3 Nf6 6. g3 Nc6 7. Bg2 cxd4 8. Nxd4 Bc5 9. Nb3 Bb6 10. O-O d4 11. Nb5 O-O 12. Bxc6 bxc6 13. N5xd4 Qd5 14.
Nf3 Qh5 15. Qc2 Bh3 16. Re1 Rfe8 17. Bf4 Ne4 18. Nbd4 Bf5 19. Qc4 Bg4 20. Nd2 Rad8 21.
N2b3 Nxf2 22. e3 Nh3+ 23. Kg2 c5 24. Qb5 Nxf4+ 25. exf4 Rf8 26. Re5 Qh3+ 27. Kg1 cxd4 28. Rae1 d3+ 29. Nc5 d2 0-1

[Event "Early-Titled-Tuesday-Blitz-September-05-2023"]
[Site "Chess.com"]
[Date "2023.09.05"]
[Round "7"]
[White "Orest_Vovk"]
[Black "GMG"]
[Result "1/2-1/2"]
[WhiteElo "2624"]
[BlackElo "2783"]
[TimeControl "180+1"]
[EndTime "9:15:29 PDT"]
[Termination "Game drawn by agreement"]

1. g4 g6 2. g5 h6 3. d4 Bg7 4. Bg2 c5 5. d5 hxg5 6. Bxg5 Bxb2 7. Nd2 Bxa1 8. Qxa1 f6 9. d6 Nc6 10. e3 e5 11.
Bxc6 dxc6 12. Ne4 Kf7 13. Nf3 Rh5 14. Nxe5+ Kg7 15. d7 Bxd7 16. Nxd7 Rxg5 17. Ndxf6 Nxf6 18. Nxg5 Qd5 19. Rg1 Rd8 20. e4 Qd2+ 21. Kf1 1/2-1/2